 Dungeon Crawl Stone Soup version 0.28.0-53-g5a82cb258f (webtiles) character file.

Game seed: 7263587988818854926

53 Ashen the Caller (level 3, -1/33 HPs)
             Began as an Ogre Summoner on June 29, 2022.
             Slain by Natasha (4 damage)
             ... on level 2 of the Dungeon.
             The game lasted 00:02:54 (1969 turns).

Ashen the Caller (Ogre Summoner)                    Turns: 1969, Time: 00:02:55

Health: -1/33      AC:  3    Str: 12    XL:     3   Next: 87%
Magic:  5/7        EV: 10    Int: 18    God:
Gold:   87         SH:  0    Dex:  9    Spells: 5/8 levels left

rFire   . . .      SeeInvis .   f - +0 mace
rCold   . . .      Faith    .   (no shield)
rNeg    . . .      Spirit   .   a - +0 robe
rPois   .          Reflect  .   (helmet restricted)
rElec   .          Harm     .   (no cloak)
rCorr   .          Rampage  .   (gloves unavailable)
Will    .....                   (boots unavailable)
Stlth   ++........              (no amulet)
HPRegen 0.11/turn               (no ring)
MPRegen 0.10/turn               (no ring)

@: no status effects
A: large, unfitting armour, tough skin 1
a: no special abilities


You were on level 2 of the Dungeon.
You visited 1 branch of the dungeon, and saw 2 of its levels.

You collected 87 gold pieces.

Inventory:

Hand Weapons
 f - a +0 mace (weapon)
Armour
 a - a +0 robe (worn)
Potions
 b - a potion of heal wounds {unknown}
 d - a potion of lignification {unknown}
 e - 2 potions of mutation {unknown}


   Skills:
 + Level 1.5 Fighting
 + Level 0.7 Maces & Flails
 + Level 2.1 Dodging
 + Level 1.8 Stealth
 * Level 3.2 Spellcasting
 + Level 3.8 Summonings


You had 5 spell levels left.
You knew the following spells:

 Your Spells              Type           Power      Damage    Failure   Level
a - Summon Small Mammal   Summ           64%        N/A       3%          1
b - Call Imp              Summ           16%        N/A       4%          2

Your spell library contained the following spells:

 Spells                   Type           Power      Damage    Failure   Level
 Call Canine Familiar     Summ           16%        N/A       10%         3
 Summon Guardian Golem    Hex/Summ       9%         N/A       22%         3
 Summon Lightning Spire   Summ/Air       9%         N/A       58%         4


Dungeon Overview and Level Annotations

Branches:
Dungeon (2/15)

Altars:

Annotations:
D:2 Natasha


Innate Abilities, Weirdness & Mutations

You are too large for most types of armour.
You have tough skin. (AC +1)


Message History

Confirm with . or Enter, or press ? or * to list all spells.
You don't know that spell.
Unknown command.
Natasha completely misses you.
Casting: Call Imp (safe; 4% risk of failure)
Confirm with . or Enter, or press ? or * to list all spells.
A beastly little devil appears in a puff of flame.
Natasha stares at you and mumbles some strange words.
The magic dart hits you!
You sock Natasha!
Natasha is heavily wounded.
Natasha howls an incantation.
Natasha's front paws start to glow.
Natasha claws you.
Your crimson imp blinks!
You miss Natasha.
Natasha is heavily wounded.
Natasha barely misses you. Natasha claws you.
You closely miss Natasha.
Natasha is heavily wounded.
Natasha hisses.
Natasha claws you but does no damage.
Your crimson imp blinks!
You closely miss Natasha.
Natasha is heavily wounded.
Natasha barely misses you.
You closely miss Natasha.
Natasha is heavily wounded.
Natasha claws you!
* * * LOW HITPOINT WARNING * * *
Natasha casts a spell at you. The magic dart hits you.
* * * LOW HITPOINT WARNING * * *
You hit Natasha but do no damage.
Natasha is heavily wounded.
Natasha barely misses you.
You closely miss Natasha.
Natasha is heavily wounded.
Natasha claws you.
You die...

#.# #.# # #. #.# #.# # #.#
#.# #.# # #[# #.####.# #
###.#####.h....# #
..........###.############ #
# ##........# #w............
# #.##...####.5###h.........#
#
#...........#..@#########...#
# ####...########## . #
######.## # .......# #
.####### # .# .# .# .#


You could see Natasha (ally target), a dart slug and a friendly crimson imp
(summoned).

Vanquished Creatures
  An endoplasm (D:2)
  A giant cockroach (D:2)
  A quokka (D:2)
  2 ball pythons
  A bat (D:2)
  3 rats
9 creatures vanquished.

Vanquished Creatures (collateral kills)
  Natasha (D:2)
  An adder (D:2)
  A dart slug (D:1)
  A ball python (D:1)
  An endoplasm (D:1)
  A giant cockroach (D:1)
  2 goblins (D:1)
  A quokka (D:1)
9 creatures vanquished.

Grand Total: 18 creatures vanquished

Notes
Turn   | Place    | Note
-------+----------+-------------------------------------------
     0 | D:1      | Ashen the Ogre Summoner began the quest for the Orb.
     0 | D:1      | Reached XP level 1. HP: 16/16 MP: 3/3
   637 | D:1      | Found a faded altar of an unknown god.
   722 | D:1      | Reached XP level 2. HP: 15/26 MP: 3/5
   729 | D:1      | Learned a level 2 spell: Call Imp
  1609 | D:2      | Reached skill level 1 in Fighting
  1609 | D:2      | Reached XP level 3. HP: 33/33 MP: 1/7
  1847 | D:2      | Noticed Natasha
  1857 | D:2      | Killed Natasha
  1950 | D:2      | Noticed Natasha
  1969 | D:2      | Slain by Natasha

Illustrated notes

Levels and vault maps discovered:
D:1:      mainiacjoe_arrival_reflecting_pool, layout_basic,
          shapermc_ecumenical_altar_mp_highgroup
D:2:      layout_loops_ring, uniq_natasha

Skill      XL: |  1  2  3 |
---------------+----------+-----
Fighting       | 1 |  1.5
Dodging        | 2 |  2.1
Spellcasting   | 3 |  3.2
Maces & Flails | |  0.7
Stealth        | |  1.8
Summonings     | |  3.8

Action                   || total
-------------------------++-------
Melee: Club              ||    30
       Unarmed           ||    11
       Mace              ||    29
 Cast: Summon Small Mamm ||     5
       Call Imp          ||     5
  Use: Scroll            ||     1
 Stab: Sleeping          ||     1
Armor: Robe              ||    28
Dodge: Dodged            ||    46
